 Dungeon Crawl Stone Soup version 0.30.1-11-g7821555f0a (webtiles) character file.

Game seed: 2180926485511600987

4350 BoneyBoi1234 the Skirmisher (level 10, 90/90 HPs)
             Began as a Minotaur Hunter on Nov 6, 2023.
             Was a Believer of Nemelex Xobeh.
             Quit the game on level 11 of the Dungeon.
             The game lasted 00:19:45 (8775 turns).

BoneyBoi1234 the Skirmisher (Minotaur Hunter)       Turns: 8775, Time: 00:19:46

Health: 90/90      AC:  7    Str: 16    XL:     10   Next: 12%
Magic:  13/13      EV: 18    Int: 12    God:    Nemelex Xobeh [**....]
Gold:   343        SH:  0    Dex: 24    Spells: 13/15 levels left

rFire   . . .        a - +0 shortbow
rCold   . . .        (shield currently unavailable)
rNeg    . . .        c - +0 leather armour
rPois   .            K - +0 hat
rElec   .            v - +2 cloak
rCorr   .            (no gloves)
SInv    .            (no boots)
Will    .....        (no amulet)
Stlth   ++           o - +6 ring of dexterity
HPRegen 0.35/turn    m - +6 ring of intelligence
MPRegen 0.13/turn

%: no passive effects
@: studying Ranged Weapons
A: horns 2, retaliatory headbutt
a: Renounce Religion, Draw Escape, Draw Destruction, Draw Summoning


You were on level 11 of the Dungeon.
You worshipped Nemelex Xobeh.
Nemelex Xobeh was pleased with you.
You visited 1 branch of the dungeon, and saw 9 of its levels.
You also visited: Sewer.

You collected 574 gold pieces.
You spent 231 gold pieces at shops.

Inventory:

Hand Weapons
 a - a +0 shortbow (weapon)
 q - a +0 short sword
 M - the +7 staff of the Meek {protect, meekguard}
   (You found it on level 7 of the Dungeon)
Armour
 c - a +0 leather armour (worn)
 i - a +0 ring mail
 v - a +2 cloak (worn)
 K - a +0 hat (worn)
Magical Staves
 I - a staff of air
Jewellery
 g - an amulet of faith
 m - a +6 ring of intelligence (right hand)
 o - a +6 ring of dexterity (left hand)
 z - a ring of protection from fire
 D - a +6 ring of intelligence
 G - a +6 ring of intelligence
 J - a ring of magical power
Wands
 H - a wand of quicksilver (8)
Scrolls
 b - 4 scrolls of immolation
 e - 2 scrolls of poison
 h - 2 scrolls of enchant weapon
 k - 6 scrolls of teleportation
 l - a scroll of summoning
 p - 4 scrolls of blinking
 r - a scroll of silence
 t - a scroll of brand weapon
 x - 6 scrolls of fog
 y - 2 scrolls of fear
 A - a scroll of vulnerability
 F - a scroll of enchant armour
Potions
 d - 2 potions of might
 f - a potion of haste
 n - a potion of brilliance
 s - 5 potions of attraction {unknown}
 u - 3 potions of heal wounds {unknown}
 w - 7 potions of flight
 B - a potion of berserk rage {unknown}
 C - a potion of mutation {unknown}
 E - 2 potions of cancellation {unknown}
 L - a potion of ambrosia {unknown}


   Skills:
 * Level 8.9 Fighting
 * Level 11.1 Ranged Weapons
 + Level 5.5 Armour
 * Level 8.0 Dodging
 - Level 0.7 Stealth
 + Level 3.2 Spellcasting
 + Level 4.0 Invocations


You had 13 spell levels left.
You knew the following spells:

 Your Spells              Type           Power      Damage    Failure   Level
a - Summon Small Mammal   Summ           4%         N/A       28%         1
b - Necrotise             Necr           4%         1d4       28%         1

Your spell library contained the following spells:

 Spells                   Type           Power      Damage    Failure   Level
 Apportation              Tloc           2%         N/A       28%         1
 Sandblast                Erth           2%         2d4       28%         1
 Cigotuvi's Dreadful Rot  Necr/Pois/Air  2%         N/A       41%         2
 Ensorcelled Hibernation  Hex/Ice        2%         N/A       41%         2
 Passwall                 Tmut/Erth      0%         N/A       41%         2
 Ignite Poison            Fire/Tmut/Pois 1%         N/A       65%         3
 Spider Form              Tmut/Pois      1%         N/A       65%         3
 Stone Arrow              Conj/Erth      2%         3d7       65%         3
 Vhi's Electric Charge    Tloc/Air       2%         N/A       65%         3
 Volatile Blastmotes      Fire/Tloc      2%         2d10      65%         3
 Anguish                  Hex/Necr       0%         N/A       96%         4
 Fulminant Prism          Conj/Hex       0%         3d5       96%         4
 Iskenderun's Mystic Bla  Conj/Tloc      1%         2d3       96%         4
 Arcjolt                  Conj/Air       0%         1d10      100%        5
 Freezing Cloud           Conj/Ice/Air   0%         6-21      100%        5
 Lee's Rapid Deconstruct  Erth           0%         3d4*      100%        5
 Plasma Beam              Fire/Air       0%         2x1d11    100%        6


Dungeon Overview and Level Annotations

Branches:
Dungeon (8/15)             Temple (0/1) D:5            Lair (0/5) D:8
  Sewer (visited)

Altars:
Gozag
Nemelex Xobeh
Wu Jian
Xom

Shops:
D:5 *

Annotations:
D:3 1 transporter


Innate Abilities, Weirdness & Mutations

You have a pair of horns on your head.
You reflexively headbutt those who attack you in melee.


Message History

Press: ? - help, Q - select action, (/) - cycle Shift-Dir - straight line, f/p - black bear
Aim: a black bear (heavily wounded, ally target, 77% to hit)
You shoot an arrow. The arrow hits the black bear!
You kill the black bear!
Unknown command.
Fire: a) +0 shortbow
Press: ? - help, Q - select action, (/) - cycle Shift-Dir - straight line, f - you
Okay, then.
You hear the quick hiss of an avalanche of sand nearby.
An orc is nearby!
Fire: a) +0 shortbow
Press: ? - help, Q - select action, (/) - cycle Shift-Dir - straight line, f - orc
Aim: an orc, wielding a +0 hand axe (wandering, hasn't noticed you, 72% to hit)
You shoot an arrow. The orc shouts!
The arrow hits the orc!
You kill the orc!
Your rat disappears in a puff of smoke!
You hear the quick hiss of an avalanche of sand nearby.
You hear the rapid hiss of an avalanche of sand nearby.
You hear the rapid hiss of an avalanche of sand nearby.
You now have 343 gold pieces (gained 15).
u - 3 amethyst potions (gained 1)
Things that are here:
a +0 vampiric glaive; 2 boomerangs; a +0 chain mail
Found a staircase to the Lair.
You hear the rapid hiss of an avalanche of sand nearby.
k - 6 scrolls of teleportation (gained 1)
You see here a +0 hand axe.
w - 7 potions of flight (gained 1)
Found a stone staircase leading up.
A sourceless malevolence fills the Dungeon...
You fall into a shaft and drop 3 floors!
The shaft crumbles and collapses.
You hear a distant snort.
Hark!
There is a gateway to a gauntlet on this level.
Find the entrance quickly before the gate is sealed!
You feel a wave of frost pass over you.
There is an entrance to an ice cave on this level.
Hurry and find it before the portal melts!
Unknown command.
Are you sure you want to abandon this character and quit the game? (Confirm with "yes".)

###
#..
#.#
#.#
#.#
#@#
#.#
#.#
#.#
#.#
#.#
..#
###


There were no monsters in sight!

Vanquished Creatures
  A two-headed ogre (D:7)
  2 steam dragons (D:7)
  The ghost of Fractals the Conjurer, an amateur TeRe (D:4)
  Duvessa (D:7)
  3 water moccasins (D:7)
  3 ice beasts (D:5)
  3 black bears
  3 orc warriors
  A sky beast (D:7)
  A centaur (D:6)
  A phantom (D:4)
  A gnoll sergeant (D:5)
  6 bullfrogs
  A scorpion (D:6)
  Dowan (D:7)
  3 howler monkeys
  3 hounds
  6 jellies
  7 orc priests
  A gnoll bouda (D:7)
  Crazy Yiuf (D:3)
  A centaur skeleton (D:4)
  2 iguanas (D:5)
  2 sleepcaps
  Terence (D:3)
  2 orc wizards
  10 gnolls
  A howler monkey skeleton (D:4)
  16 adders
  3 river rats (Sewer)
  3 worms
  A dart slug (D:4)
  28 orcs
  13 ball pythons
  8 bats
  17 endoplasms
  4 giant cockroaches
  6 goblins
  A hobgoblin (D:4)
  7 jackals
  12 kobolds
  3 quokkas
  5 frilled lizards
  4 rats
200 creatures vanquished.

Vanquished Creatures (collateral kills)
  A scorpion (D:5)
1 creature vanquished.

Grand Total: 201 creatures vanquished

Notes
Turn   | Place    | Note
-------+----------+-------------------------------------------
     0 | D:1      | BoneyBoi1234 the Minotaur Hunter began the quest for the
                  | Orb.
     0 | D:1      | Reached XP level 1. HP: 18/18 MP: 0/0
   366 | D:1      | Reached XP level 2. HP: 25/25 MP: 1/1
   886 | D:2      | Reached XP level 3. HP: 20/31 MP: 2/2
  1529 | D:2      | Reached skill level 5 in Ranged Weapons
  1529 | D:2      | Reached XP level 4. HP: 38/38 MP: 2/4
  1548 | D:2      | Reached skill level 1 in Armour
  1561 | D:2      | Reached XP level 5. HP: 46/46 MP: 5/5
  1919 | D:3      | Found a runed translucent door.
  1920 | D:3      | Noticed Crazy Yiuf
  1927 | D:3      | Killed Crazy Yiuf
  1928 | D:3      | Reached skill level 1 in Spellcasting
  2187 | D:3      | Found a glowing drain.
  2195 | Sewer    | Entered a sewer
  2365 | Sewer    | Reached XP level 6. HP: 45/53 MP: 6/6
  3070 | D:3      | Found a sparkling altar of Nemelex Xobeh.
  3070 | D:3      | Found a transporter.
  3070 | D:3      | Noticed Terence
  3084 | D:3      | Killed Terence
  3146 | D:3      | Became a worshipper of Nemelex Xobeh the Trickster
  3412 | D:4      | Reached skill level 5 in Fighting
  3412 | D:4      | Reached skill level 6 in Ranged Weapons
  3500 | D:4      | Reached XP level 7. HP: 60/61 MP: 8/8
  3761 | D:4      | Found a runed translucent gate.
  3761 | D:4      | Found a runed translucent gate.
  3761 | D:4      | Found a runed translucent gate.
  3766 | D:4      | Noticed Fractals's ghost (amateur TeRe)
  4052 | D:4      | Killed Fractals's ghost
  4153 | D:5      | Entered Level 5 of the Dungeon
  4168 | D:5      | Identified a scroll of acquirement
  4170 | D:5      | Acquired a manual of Ranged Weapons
  4297 | D:5      | Reached skill level 1 in Invocations
  4341 | D:5      | Found a staircase to the Ecumenical Temple.
  4362 | D:5      | Reached skill level 5 in Dodging
  4704 | D:5      | Found Siaqelun's Neck Hole.
  4747 | D:5      | Reached * piety under Nemelex Xobeh
  4833 | D:5      | Reached skill level 7 in Ranged Weapons
  4833 | D:5      | Reached XP level 8. HP: 70/70 MP: 9/9
  4855 | D:5      | Received a gift from Nemelex Xobeh
  4967 | D:5      | Learned a level 1 spell: Summon Small Mammal
  5017 | D:5      | Found an ornate altar of the Wu Jian Council.
  5481 | D:5      | Bought a +2 cloak for 231 gold pieces
  6001 | D:6      | Reached skill level 8 in Ranged Weapons
  6662 | D:7      | Reached skill level 9 in Ranged Weapons
  6702 | D:7      | Reached XP level 9. HP: 55/79 MP: 11/11
  6842 | D:7      | Reached ** piety under Nemelex Xobeh
  6994 | D:7      | Found an opulent altar of Gozag.
  7012 | D:7      | Noticed Dowan
  7014 | D:7      | Noticed Duvessa
  7025 | D:7      | Killed Duvessa
  7031 | D:7      | Killed Dowan
  7122 | D:7      | Learned a level 1 spell: Necrotise
  7464 | D:7      | Reached skill level 10 in Ranged Weapons
  7690 | D:7      | Reached skill level 5 in Armour
  7983 | D:7      | Found the +7 staff of the Meek {protect, meekguard}
  8028 | D:8      | Noticed a two-headed ogre
  8054 | D:7      | Killed a two-headed ogre
  8284 | D:8      | Reached XP level 10. HP: 90/90 MP: 11/13
  8322 | D:8      | Reached skill level 11 in Ranged Weapons
  8517 | D:8      | Found a shimmering altar of Xom.
  8742 | D:8      | Found a staircase to the Lair.
  8774 | D:8      | You fall into a shaft and drop 3 floors!
  8775 | D:11     | Quit the game

Illustrated notes

Levels and vault maps discovered:
D:1:      co_arrival_random_square_maze, layout_basic, minmay_tromino_v4_c
D:2:      cheibrodos_fertilizer, layout_loops_ring, minmay_misc_feat_rows,
          chequers_serial_rivers_room_a
D:3:      layout_loops_ring, grunt_nemelex_the_gamble, gup_sewer_entry_bubbles,
          minmay_fractal_squares_gapless_5, uniq_crazy_yiuf_cottage,
          uniq_terence
D:4:      layout_basic, gammafunk_ghost_necromancy
D:5:      layout_loops_corners, nicolae_wu_jian_wuxing_cycle,
          minmay_temple_entry_overgrown, grunt_ministairs_1,
          nicolae_shop_sticking_my_neck_out
D:6:      layout_rooms
D:7:      layout_basic, nicolae_gozag_cash_rules_everything_around_me,
          pf_guarded_unrand_meek, uniq_duvessa
D:8:      layout_basic, fedhas_altar_decomposition, marbit_many_paths,
          mainiacjoe_overflow_cross_hatched, grunt_lair_entry_orc_guard_hut,
          chequers_ossuary_entry_cave, gammafunk_ghost_hive
D:11:     layout_basic, portal_ice_cave_rime, gauntlet_entry_generic,
          ebering_dispersal_statue_hall, tgw_sif

Skill      XL: |  1  2  3  4  5  6  7  8  9 10 |
---------------+-------------------------------+-----
Fighting       | 3 4 5 6 7 8 |  8.9
Dodging        | 3 4 5 6 7 8 |  8.0
Ranged Weapons | 5 6 7 9 10 11 | 11.1
Armour         | 1 2 3 4 5 |  5.5
Spellcasting   | 1 2 3 |  3.2
Invocations    | 1 2 3 4 |  4.0
Stealth        | |  0.7

Action                     |  1- 3 |  4- 6 |  7- 9 | 10-12 || total
---------------------------+-------+-------+-------+-------++-------
   Fire: Shortbow          |    84 |   150 |   382 |    55 ||   671
   Cast: Summon Small Mamm |       |       |     8 |     3 ||    11
         Necrotise         |       |       |    13 |       ||    13
 Invoke: Draw Destruction  |       |       |     2 |       ||     2
    Use: Scroll            |     4 |     3 |     8 |       ||    15
         Potion            |     2 |     1 |     3 |     2 ||     8
 Armour: Leather armour    |     7 |    16 |    64 |     9 ||    96
  Dodge: Dodged            |    20 |    65 |   201 |    40 ||   326
